MLB
MINNESOTA TWINS @ MILWAUKEE BREWERS
05/19/2044
 
TOP OF THE 1ST
Minnesota Twins batting - Pitching for Milwaukee Brewers : RHP John York
Pitching: RHP John York
Batting: RHB Yonetoshi Muranaka 0-0: Ball
1-0: Foul Ball, location: 2F
1-1: Ground out 3-1 (Groundball, 34S, EV 90.0 MPH)
Batting: LHB Joel Kunkler 0-0: Fly out, F7 (Line Drive, 78S, EV 91.2 MPH)
Batting: RHB Jared McClernon 0-0: Called Strike
0-1: Ball
1-1: Ball
2-1: Foul Ball, location: 2F
2-2: Fly out, F8 (Line Drive, 8LM, EV 96.2 MPH)
Top of the 1st over - 0 runs, 0 hits, 0 errors, 0 left on base; Minnesota 0 - Milwaukee 0
BOTTOM OF THE 1ST
Milwaukee Brewers batting - Pitching for Minnesota Twins : RHP T.J. Hirst
Pitching: RHP T.J. Hirst
Batting: SHB Pat Wilson 0-0: Swinging Strike
0-1: Ground out 3-1 (Groundball, 34, EV 80.0 MPH)
Batting: RHB Akitada Nishizawa 0-0: Swinging Strike
0-1: Swinging Strike
0-2: Ball
1-2: Fly out, F8 (Flyball, 8LD, EV 99.4 MPH)
Batting: SHB Jason Woods 0-0: Ball
1-0: Ball
2-0: Called Strike
2-1: SINGLE (Line Drive, 9LS, EV 103.1 MPH)
Batting: RHB Bobby Muniz 0-0: Called Strike
Jason Woods steals 2nd, throwing error, E2
Jason Woods to third
0-1: Foul Ball, location: 2F
0-2: Foul Ball, location: 2F
0-2: SINGLE (Groundball, 6MD, EV 98.8 MPH)
Jason Woods scores
Batting: LHB Jeff Taylor 0-0: Called Strike
0-1: Ball
1-1: Ball
2-1: Fly out, F9 (Flyball, 89M, EV 87.5 MPH)
Bottom of the 1st over - 1 run, 2 hits, 1 error, 1 left on base; Minnesota 0 - Milwaukee 1
TOP OF THE 2ND
Minnesota Twins batting - Pitching for Milwaukee Brewers : RHP John York
Batting: RHB Jesus Chavez 0-0: Ball
1-0: Called Strike
1-1: Called Strike
1-2: Ball
2-2: Ball
3-2: Strikes out swinging
Batting: LHB Kevin Bellman 0-0: Ball
1-0: Ball
2-0: Ground out 6-3 (Groundball, 6MS, EV 92.5 MPH)
Batting: SHB Buster Hyman 0-0: Foul Ball, location: 2F
0-1: Ball
1-1: Ball
2-1: Ball
3-1: Fly out, F6 (Flyball, 56D, EV 80.6 MPH)
Top of the 2nd over - 0 runs, 0 hits, 0 errors, 0 left on base; Minnesota 0 - Milwaukee 1
BOTTOM OF THE 2ND
Milwaukee Brewers batting - Pitching for Minnesota Twins : RHP T.J. Hirst
Pitching: RHP Greg Weislo
Batting: RHB Adrian Rudkilde 0-0: Ball
1-0: Ground out 6-3 (Groundball, 6, EV 90.0 MPH)
Batting: SHB Jean-François Bernard 0-0: Ball
1-0: Foul Ball, location: 2F
1-1: Ball
2-1: Called Strike
2-2: Fly out, F4 (Popup, 4D, EV 56.2 MPH)
Batting: RHB Daniel Donovan 0-0: Ground out 5-3 (Groundball, 56S, EV 92.5 MPH)
Bottom of the 2nd over - 0 runs, 0 hits, 0 errors, 0 left on base; Minnesota 0 - Milwaukee 1
TOP OF THE 3RD
Minnesota Twins batting - Pitching for Milwaukee Brewers : RHP John York
Batting: LHB Sadamu Noguchi 0-0: Fly out, F9 (Flyball, 9LM, EV 94.4 MPH)
Batting: RHB Väinö Tapaninen 0-0: Swinging Strike
0-1: Foul Ball, location: 2F
0-2: Ball
1-2: Strikes out swinging
Batting: RHB Josh Zoglmann 0-0: Called Strike
0-1: Swinging Strike
0-2: Strikes out swinging
Top of the 3rd over - 0 runs, 0 hits, 0 errors, 0 left on base; Minnesota 0 - Milwaukee 1
BOTTOM OF THE 3RD
Milwaukee Brewers batting - Pitching for Minnesota Twins : RHP Greg Weislo
Batting: RHB Kisho Ito 0-0: Ball
1-0: SINGLE (Line Drive, 78M, EV 108.8 MPH)
Batting: SHB Pat Wilson 0-0: Foul Ball, location: 2F
0-1: Ball
1-1: Ball
2-1: Fly out, F9 (Flyball, 9, EV 96.2 MPH)
Batting: RHB Akitada Nishizawa 0-0: Called Strike
0-1: Ball
1-1: SINGLE (Groundball, 34D, EV 97.5 MPH)
Kisho Ito to second
Runner from 2nd tries for 3rd, SAFE, no throw by RF
Batting: SHB Jason Woods 0-0: Grounds into double play, 4-6-3 (Groundball, 4, EV 85.0 MPH)
Bottom of the 3rd over - 0 runs, 2 hits, 0 errors, 1 left on base; Minnesota 0 - Milwaukee 1
TOP OF THE 4TH
Minnesota Twins batting - Pitching for Milwaukee Brewers : RHP John York
Batting: RHB Yonetoshi Muranaka 0-0: Called Strike
0-1: Ground out 4-3 (Groundball, 4, EV 105.6 MPH)
Batting: LHB Joel Kunkler 0-0: Fly out, F8 (Flyball, 89M, EV 97.5 MPH)
Batting: RHB Jared McClernon 0-0: Ball
1-0: Ball
2-0: Ball
3-0: Called Strike
3-1: Ground out 6-3 (Groundball, 6MD, EV 83.1 MPH)
Top of the 4th over - 0 runs, 0 hits, 0 errors, 0 left on base; Minnesota 0 - Milwaukee 1
BOTTOM OF THE 4TH
Milwaukee Brewers batting - Pitching for Minnesota Twins : RHP Greg Weislo
Batting: RHB Bobby Muniz 0-0: Ball
1-0: Ball
2-0: Swinging Strike
2-1: Called Strike
2-2: Ball
3-2: Base on Balls
Batting: LHB Jeff Taylor 0-0: Ball
1-0: Foul Ball, location: 2F
1-1: Ball
2-1: Ball
3-1: Called Strike
3-2: Grounds into double play, 3-6-3 (Groundball, 3, EV 105.0 MPH)
Batting: RHB Adrian Rudkilde 0-0: DOUBLE (Line Drive, 8LXD, EV 108.8 MPH)
Batting: SHB Jean-François Bernard 0-0: Called Strike
0-1: Ground out 3-1 (Groundball, 34S, EV 81.2 MPH)
Bottom of the 4th over - 0 runs, 1 hit, 0 errors, 1 left on base; Minnesota 0 - Milwaukee 1
TOP OF THE 5TH
Minnesota Twins batting - Pitching for Milwaukee Brewers : RHP John York
Batting: RHB Jesus Chavez 0-0: SINGLE (Groundball, 4MD, EV 103.8 MPH)
Batting: LHB Kevin Bellman 0-0: Called Strike
0-1: Ball
1-1: Called Strike
1-2: Foul Ball, location: 2F
1-2: Strikes out swinging
Batting: SHB Buster Hyman 0-0: SINGLE (Groundball, 34D, EV 108.8 MPH)
Jesus Chavez to second
Runner from 2nd tries for 3rd, SAFE, throw by RF made to third
Buster Hyman to second
Batting: LHB Sadamu Noguchi 0-0: Fly out, F4 (Popup, 4, EV 80.6 MPH)
Batting: RHB Väinö Tapaninen 0-0: Ball
1-0: Ground out 5-3 (Groundball, 56D, EV 101.2 MPH)
Top of the 5th over - 0 runs, 2 hits, 0 errors, 2 left on base; Minnesota 0 - Milwaukee 1
BOTTOM OF THE 5TH
Milwaukee Brewers batting - Pitching for Minnesota Twins : RHP Greg Weislo
Batting: RHB Daniel Donovan 0-0: Called Strike
0-1: Ball
1-1: SINGLE (Line Drive, 56D, EV 105.0 MPH)
Batting: RHB Kisho Ito 0-0: Ball
1-0: Ball
2-0: Sac Bunt to 2R - play at first, batter safe!
Daniel Donovan to second
Batting: SHB Pat Wilson 0-0: Swinging Strike
0-1: Grounds into double play, 4-6-3 (Groundball, 4D, EV 96.2 MPH)
Daniel Donovan to third
Batting: RHB Akitada Nishizawa 0-0: Called Strike
0-1: Foul Ball, location: 2F
0-2: Strikes out swinging
Bottom of the 5th over - 0 runs, 2 hits, 0 errors, 1 left on base; Minnesota 0 - Milwaukee 1
TOP OF THE 6TH
Minnesota Twins batting - Pitching for Milwaukee Brewers : RHP John York
Batting: RHB Josh Zoglmann 0-0: Called Strike
0-1: Foul Ball, location: 2F
0-2: Ball
1-2: Ball
2-2: Strikes out looking
Batting: RHB Yonetoshi Muranaka 0-0: SINGLE (Groundball, 25, EV 73.1 MPH) (infield hit)
Batting: LHB Joel Kunkler 0-0: Ball
1-0: Ball
2-0: Called Strike
2-1: Ball
3-1: Grounds into double play, 5-4-3 (Groundball, 6, EV 86.2 MPH)
Top of the 6th over - 0 runs, 1 hit, 0 errors, 0 left on base; Minnesota 0 - Milwaukee 1
BOTTOM OF THE 6TH
Milwaukee Brewers batting - Pitching for Minnesota Twins : RHP Greg Weislo
Batting: SHB Jason Woods 0-0: Ball
1-0: Foul Ball, location: 2F
1-1: Called Strike
1-2: Foul Ball, location: 2F
1-2: Foul Ball, location: 2F
1-2: Foul Ball, location: 2F
1-2: Ball
2-2: Foul Ball, location: 2F
2-2: Fly out, F8 (Flyball, 8RS, EV 91.9 MPH)
Batting: RHB Bobby Muniz 0-0: Called Strike
0-1: Ball
1-1: Foul Ball, location: 2F
1-2: Foul Ball, location: 2F
1-2: Ball
2-2: Ball
3-2: Fly out, F8 (Flyball, 78M, EV 75.0 MPH)
Batting: LHB Jeff Taylor 0-0: Ball
1-0: Foul Ball, location: 2F
1-1: Ball
2-1: Swinging Strike
2-2: Ball
3-2: SINGLE (Line Drive, 56D, EV 99.4 MPH)
Batting: RHB Adrian Rudkilde 0-0: Ball
1-0: Called Strike
1-1: Called Strike
1-2: Ball
2-2: Fly out, F8 (Flyball, 8LD, EV 95.6 MPH)
Bottom of the 6th over - 0 runs, 1 hit, 0 errors, 1 left on base; Minnesota 0 - Milwaukee 1
TOP OF THE 7TH
Minnesota Twins batting - Pitching for Milwaukee Brewers : RHP John York
Now at 1B: Cody Flowers
Now at 2B: Jean-François Bernard
Batting: RHB Jared McClernon 0-0: Ball
1-0: Ball
2-0: Called Strike
2-1: Foul Ball, location: 2F
2-2: Fly out, F8 (Flyball, 8LXD, EV 103.8 MPH)
Batting: RHB Jesus Chavez 0-0: Foul Ball, location: 2F
0-1: Ball
1-1: Foul Ball, location: 2F
1-2: Fly out, F7 (Flyball, 7S, EV 91.2 MPH)
Batting: LHB Kevin Bellman 0-0: Called Strike
0-1: Ball
1-1: Ball
2-1: Ball
3-1: Called Strike
3-2: Strikes out looking
Top of the 7th over - 0 runs, 0 hits, 0 errors, 0 left on base; Minnesota 0 - Milwaukee 1
BOTTOM OF THE 7TH
Milwaukee Brewers batting - Pitching for Minnesota Twins : RHP Greg Weislo
Batting: SHB Jean-François Bernard 0-0: Ball
1-0: Swinging Strike
1-1: Ball
2-1: SINGLE (Groundball, 6MD, EV 94.4 MPH)
Batting: RHB Daniel Donovan 0-0: Called Strike
0-1: Ball
1-1: Ball
2-1: Grounds into double play, 4-6-3 (Groundball, 4, EV 90.0 MPH)
Batting: RHB Kisho Ito 0-0: Called Strike
0-1: Swinging Strike
0-2: Foul Ball, location: 2F
0-2: Ball
1-2: Foul Ball, location: 2F
1-2: Ball
2-2: Strikes out swinging
Bottom of the 7th over - 0 runs, 1 hit, 0 errors, 0 left on base; Minnesota 0 - Milwaukee 1
TOP OF THE 8TH
Minnesota Twins batting - Pitching for Milwaukee Brewers : RHP John York
Batting: SHB Buster Hyman 0-0: Ball
1-0: Ball
2-0: Called Strike
2-1: Called Strike
2-2: Strikes out looking
Batting: LHB Sadamu Noguchi 0-0: Ball
1-0: Foul Ball, location: 2F
1-1: SOLO HOME RUN (Flyball, 9LD, EV 95.0 MPH), Distance : 371 ft
Batting: RHB Väinö Tapaninen 0-0: Ball
1-0: Foul Ball, location: 2F
1-1: Ground out 5-3 (Groundball, 56S, EV 71.9 MPH)
Batting: RHB Josh Zoglmann 0-0: Foul Ball, location: 2F
0-1: Foul Ball, location: 2F
0-2: Foul Ball, location: 2F
0-2: Ground out 6-3 (Groundball, 6, EV 86.2 MPH)
Top of the 8th over - 1 run, 1 hit, 0 errors, 0 left on base; Minnesota 1 - Milwaukee 1
BOTTOM OF THE 8TH
Milwaukee Brewers batting - Pitching for Minnesota Twins : RHP Greg Weislo
Batting: SHB Pat Wilson 0-0: Ground out U3 (Groundball, 3S, EV 61.2 MPH)
Pinch Hitting: LHB Jeremy Kuiper 0-0: Called Strike
0-1: Ball
1-1: Ball
2-1: Foul Ball, location: 2F
2-2: Ball
3-2: Base on Balls
Batting: SHB Jason Woods 0-0: Foul Ball, location: 2F
0-1: Fly out, F9 (Flyball, 9, EV 91.9 MPH)
Batting: RHB Bobby Muniz 0-0: Ball
1-0: Ball
2-0: Ball
3-0: Base on Balls
Jeremy Kuiper to second
Batting: LHB Jeff Taylor 0-0: Ball
1-0: Called Strike
1-1: Swinging Strike
1-2: Ball
2-2: Ball
3-2: Base on Balls
Jeremy Kuiper to third
Bobby Muniz to second
Pitching: RHP Luis Sanchez
Pinch Hitting: LHB Tetsuya Oba 0-0: Called Strike
0-1: Fly out, F7 (Flyball, 7LM, EV 86.9 MPH)
Bottom of the 8th over - 0 runs, 0 hits, 0 errors, 3 left on base; Minnesota 1 - Milwaukee 1
TOP OF THE 9TH
Minnesota Twins batting - Pitching for Milwaukee Brewers : RHP John York
Now at 1B: Tetsuya Oba
Now in RF: Jeremy Kuiper
Pinch Hitting: LHB Sam Dowdy 0-0: Swinging Strike
0-1: Foul Ball, location: 2F
0-2: Ball
1-2: Foul Ball, location: 2F
1-2: Ball
2-2: Strikes out swinging
Batting: LHB Joel Kunkler 0-0: Called Strike
0-1: Foul Ball, location: 2F
0-2: Foul Ball, location: 2F
0-2: Ball
1-2: Ground out 4-3 (Groundball, 4, EV 80.0 MPH)
Batting: RHB Jared McClernon 0-0: Foul Ball, location: 2F
0-1: Foul Ball, location: 2F
0-2: Foul Ball, location: 2F
0-2: Fly out, F7 (Flyball, 7S, EV 92.5 MPH)
Top of the 9th over - 0 runs, 0 hits, 0 errors, 0 left on base; Minnesota 1 - Milwaukee 1
BOTTOM OF THE 9TH
Milwaukee Brewers batting - Pitching for Minnesota Twins : RHP Luis Sanchez
Now at 2B: Sam Dowdy
Now at 3B: Kevin Bellman
Batting: SHB Jean-François Bernard 0-0: Called Strike
0-1: Ball
1-1: Ball
2-1: Swinging Strike
2-2: Ball
3-2: Base on Balls
Batting: RHB Daniel Donovan 0-0: Ball
1-0: Grounds into double play, 4-6-3 (Groundball, 4, EV 86.2 MPH)
Pinch Hitting: LHB Antonio Diaz 0-0: Ball
1-0: Foul Ball, location: 2F
1-1: Ball
2-1: Called Strike
2-2: Foul Ball, location: 2F
2-2: Strikes out swinging
Bottom of the 9th over - 0 runs, 0 hits, 0 errors, 0 left on base; Minnesota 1 - Milwaukee 1
TOP OF THE 10TH
Minnesota Twins batting - Pitching for Milwaukee Brewers : RHP John York
Pitching: RHP Elliott Payne
Now at SS: Noah Stanley
Batting: RHB Jesus Chavez 0-0: Ball
1-0: Called Strike
1-1: Ball
2-1: Ball
3-1: Ground out 3-1 (Groundball, 34S, EV 87.5 MPH)
Batting: LHB Kevin Bellman 0-0: Ball
1-0: Ball
2-0: Ball
3-0: Foul Ball, location: 2F
3-1: Foul Ball, location: 2F
3-2: Foul Ball, location: 2F
3-2: Fly out, F3 (Line Drive, 3, EV 76.2 MPH)
Batting: SHB Buster Hyman 0-0: Ball
1-0: Swinging Strike
1-1: Ball
2-1: Foul Ball, location: 2F
2-2: Strikes out swinging
Top of the 10th over - 0 runs, 0 hits, 0 errors, 0 left on base; Minnesota 1 - Milwaukee 1
BOTTOM OF THE 10TH
Milwaukee Brewers batting - Pitching for Minnesota Twins : RHP Luis Sanchez
Pitching: RHP Mario Arce
Batting: SHB Pat Wilson 0-0: Ball
1-0: Foul Ball, location: 2F
1-1: Ball
2-1: Fly out, F4 (Line Drive, 4, EV 66.9 MPH)
Batting: LHB Jeremy Kuiper 0-0: Ball
1-0: Foul Ball, location: 2F
1-1: Called Strike
1-2: Ground out 6-3 (Groundball, 4, EV 85.6 MPH)
Batting: SHB Jason Woods 0-0: Called Strike
0-1: Ball
1-1: Fly out, F8 (Flyball, 78XD, EV 96.9 MPH)
Bottom of the 10th over - 0 runs, 0 hits, 0 errors, 0 left on base; Minnesota 1 - Milwaukee 1
TOP OF THE 11TH
Minnesota Twins batting - Pitching for Milwaukee Brewers : RHP Elliott Payne
Batting: LHB Sadamu Noguchi 0-0: Foul Ball, location: 2F
0-1: Ball
1-1: Foul Ball, location: 2F
1-2: Ball
2-2: Ball
3-2: Ground out 3-1 (Groundball, 34S, EV 92.5 MPH)
Batting: RHB Väinö Tapaninen 0-0: Ball
1-0: Swinging Strike
1-1: Called Strike
1-2: Ball
2-2: Foul Ball, location: 2F
2-2: Foul Ball, location: 2F
2-2: Ball
3-2: Strikes out swinging
Pinch Hitting: LHB Gerardo Flores 0-0: Fly out, F9 (Line Drive, 9, EV 104.4 MPH)
Top of the 11th over - 0 runs, 0 hits, 0 errors, 0 left on base; Minnesota 1 - Milwaukee 1
BOTTOM OF THE 11TH
Milwaukee Brewers batting - Pitching for Minnesota Twins : RHP Mario Arce
Now at SS: Vinny Luna
Batting: RHB Bobby Muniz 0-0: Called Strike
0-1: Ground out 5-3 (Groundball, 56, EV 86.9 MPH)
Batting: LHB Jeff Taylor 0-0: Called Strike
0-1: Ball
1-1: SINGLE (Line Drive, 9S, EV 108.8 MPH)
Batting: LHB Tetsuya Oba 0-0: Ball
1-0: Ball
2-0: Ball
3-0: Called Strike
3-1: Swinging Strike
3-2: Fly out, F5 (Flyball, 56D, EV 83.8 MPH)
Batting: SHB Jean-François Bernard 0-0: Ball
1-0: Ball
2-0: Called Strike
2-1: Foul Ball, location: 2F
2-2: Ball
3-2: Fly out, F8 (Flyball, 8LM, EV 84.4 MPH)
Bottom of the 11th over - 0 runs, 1 hit, 0 errors, 1 left on base; Minnesota 1 - Milwaukee 1
TOP OF THE 12TH
Minnesota Twins batting - Pitching for Milwaukee Brewers : RHP Elliott Payne
Pitching: RHP Willie Felix
Batting: LHB Sam Dowdy 0-0: Ball
1-0: Called Strike
1-1: Foul Ball, location: 2F
1-2: Foul Ball, location: 2F
1-2: Ball
2-2: Strikes out swinging
Batting: LHB Joel Kunkler 0-0: SINGLE (Groundball, 6D, EV 94.4 MPH)
Batting: RHB Jared McClernon 0-0: Called Strike
0-1: Ball
1-1: Called Strike
1-2: Strikes out looking
Batting: RHB Jesus Chavez 0-0: Ball
1-0: Ball
2-0: Ball
3-0: Swinging Strike
3-1: Fly out, F8 (Flyball, 8LM, EV 93.8 MPH)
Top of the 12th over - 0 runs, 1 hit, 0 errors, 1 left on base; Minnesota 1 - Milwaukee 1
BOTTOM OF THE 12TH
Milwaukee Brewers batting - Pitching for Minnesota Twins : RHP Mario Arce
Pitching: RHP Travis Feind
Batting: RHB Daniel Donovan 0-0: TRIPLE (Line Drive, 89XD, EV 109.4 MPH)
Batting: RHB Noah Stanley 0-0: Swinging Strike
0-1: Swinging Strike
0-2: Fielders Choice at home, 5-2 (Groundball, 56S, EV 80.0 MPH)
Batting: SHB Pat Wilson 0-0: Ball
1-0: Fielders Choice at 2nd, 4-6 (Groundball, 4, EV 85.6 MPH)
Batting: LHB Jeremy Kuiper 0-0: Called Strike
0-1: SINGLE (Groundball, 4MD, EV 95.6 MPH)
Pat Wilson to second
Batting: SHB Jason Woods 0-0: Swinging Strike
0-1: Ball
1-1: Called Strike
1-2: Fly out, F7 (Flyball, 8LS, EV 85.0 MPH)
Bottom of the 12th over - 0 runs, 2 hits, 0 errors, 2 left on base; Minnesota 1 - Milwaukee 1
TOP OF THE 13TH
Minnesota Twins batting - Pitching for Milwaukee Brewers : RHP Willie Felix
Batting: LHB Kevin Bellman 0-0: Ball
1-0: Ball
2-0: Ball
3-0: Foul Ball, location: 2F
3-1: Foul Ball, location: 2F
3-2: Base on Balls
Batting: SHB Buster Hyman 0-0: Ball
1-0: Ball
2-0: Called Strike
2-1: Bunted foul
2-2: Foul Ball, location: 2F
2-2: Ball
3-2: Ground out U3 (Groundball, 3, EV 100.0 MPH)
Kevin Bellman to second
Pitching: RHP Jose Avila
Batting: LHB Sadamu Noguchi 0-0: Ball
1-0: Ball
2-0: Foul Ball, location: 2F
2-1: Swinging Strike
2-2: Ball
3-2: Strikes out swinging
Batting: RHB Väinö Tapaninen 0-0: Foul Ball, location: 2F
0-1: SINGLE (Line Drive, 89M, EV 102.5 MPH)
Kevin Bellman to third
Runner from 3rd tries for Home, SAFE, throw by CF to home
Väinö Tapaninen to second
Batting: RHB Vinny Luna 0-0: Ground out 4-3 (Groundball, 4, EV 85.6 MPH)
Top of the 13th over - 1 run, 1 hit, 0 errors, 1 left on base; Minnesota 2 - Milwaukee 1
BOTTOM OF THE 13TH
Milwaukee Brewers batting - Pitching for Minnesota Twins : RHP Travis Feind
Batting: RHB Bobby Muniz 0-0: Ball
1-0: Called Strike
1-1: Ball
2-1: Ball
3-1: Swinging Strike
3-2: Base on Balls
Batting: LHB Jeff Taylor 0-0: Swinging Strike
0-1: Foul Ball, location: 2F
0-2: Foul Ball, location: 2F
0-2: Fly out, F8 (Line Drive, 8RM, EV 91.2 MPH)
Batting: LHB Tetsuya Oba 0-0: Ball
1-0: Ball
2-0: Foul Ball, location: 2F
2-1: Fly out, F8 (Flyball, 78M, EV 85.6 MPH)
Batting: SHB Jean-François Bernard 0-0: Ball
1-0: Called Strike
1-1: Ball
2-1: Ground out 4-3 (Groundball, 4D, EV 101.9 MPH)
Bottom of the 13th over - 0 runs, 0 hits, 0 errors, 1 left on base; Minnesota 2 - Milwaukee 1
Thursday, March 31st , 2022 - OOTP Baseball 22.12 Build 89